 Dungeon Crawl Stone Soup version 0.28-a0-750-g7c675f85b1 (webtiles) character file.

Game seed: 11422002535850379710

639 lawman0 the Ruffian (level 7, -5/67 HPs)
             Began as a Troll Cinder Acolyte on Oct 29, 2021.
             Was a High Priest of Ignis.
             Slain by a water moccasin (8 damage)
             ... on level 5 of the Dungeon.
             The game lasted 00:05:42 (4226 turns).

lawman0 the Ruffian (Troll Cinder Acolyte)          Turns: 4226, Time: 00:05:43

Health: -5/67      AC:  5    Str: 23    XL:     7   Next: 25%
Magic:  3/9        EV:  9    Int: 12    God:    Ignis [*****.]
Gold:   2          SH:  0    Dex:  5    Spells: 6/10 levels left

rFire   + . .      SeeInvis .     - Unarmed
rCold   . . .      Faith    .   (no shield)
rNeg    . . .      Spirit   .   a - +0 robe
rPois   .          Reflect  .   (helmet restricted)
rElec   .          Harm     .   j - +0 cloak
rCorr   .          Rampage  .   (gloves unavailable)
Will    .....                   (boots unavailable)
Stlth   +.........              (no amulet)
HPRegen 1.21/turn               (no ring)
MPRegen 0.11/turn               (no ring)

@: brilliant, lethally poisoned (-5 -> -9)
A: large, unfitting armour, claws 3, regeneration 1, shaggy fur 1, tough skin 1
a: Renounce Religion, Sea of Fire, Foxfire Swarm, Rising Flame


You were on level 5 of the Dungeon.
You worshipped Ignis.
Ignis was extremely pleased with you.
You visited 1 branch of the dungeon, and saw 5 of its levels.

You collected 154 gold pieces.
You spent 152 gold pieces at shops.

Inventory:

Missiles
 i - 5 curare-tipped darts (quivered)
 p - 4 boomerangs
Armour
 a - a +0 robe (worn)
 j - a +0 cloak (worn)
Magical Staves
 l - a staff of conjuration
Jewellery
 k - a ring of poison resistance
Scrolls
 b - a scroll of summoning
 d - a scroll of teleportation
 m - a scroll of magic mapping {unknown}
 n - a scroll of amnesia {unknown}
 q - a scroll of fear
Potions
 e - a potion of attraction
 f - a potion of brilliance
 g - a potion of might {unknown}
 h - a potion of haste {unknown}
 o - a potion of cancellation


   Skills:
 + Level 3.0 Fighting
 + Level 1.2 Dodging
 + Level 0.2 Stealth
 * Level 5.6 Unarmed Combat
 + Level 2.0 Spellcasting
 * Level 1.7 Translocations
 + Level 3.5 Fire Magic


You had 6 spell levels left.
You knew the following spells:

 Your Spells              Type           Power      Damage    Failure   Level
a - Scorch                Fire           28%        2d6       10%         2
b - Apportation           Tloc           16%        N/A       13%         1
c - Summon Small Mammal   Summ           4%         N/A       26%         1

Your spell library contained the following spells:

 Spells                   Type           Power      Damage    Failure   Level
 Animate Skeleton         Necr           2%         N/A       26%         1
 Ozocubu's Armour         Ice            1%         N/A       63%         3
 Ozocubu's Refrigeration  Ice            0%         4d5       100%        7


Dungeon Overview and Level Annotations

Branches:
Dungeon (5/15)
 Temple: D:4-7

Altars:
Dithmenos

Shops:
D:2 *


Innate Abilities, Weirdness & Mutations

You are too large for most types of armour.
You have claws for hands.
Your natural rate of healing is unusually fast.
You are covered in fur. (AC +1)
You have tough skin. (AC +1)


Message History

The water moccasin bites you!
* * * LOW HITPOINT WARNING * * *
Unknown command.
It was a potion of curing.
You feel better.
The water moccasin closely misses you. x2
Fires begin to smoulder around you!
The water moccasin bites you but does no damage.
Unknown command.
Unknown command.
The fire ignites! x21; You smother the flame.
The fire ignites! x65
Unknown command.
Really walk into that cloud of flame?
Okay, then.
Unknown command.
Unknown command.
You miss the water moccasin.
The water moccasin is heavily wounded.
The water moccasin completely misses you.
The water moccasin bites you.
* * * LOW HITPOINT WARNING * * *
You scratch the water moccasin. Your claw misses the water moccasin.
The water moccasin is severely wounded.
The water moccasin barely misses you.
Unknown command.
You barely miss the water moccasin.
The water moccasin is severely wounded.
The water moccasin bites you but does no damage.
Unknown command.
You barely miss the water moccasin.
The water moccasin is severely wounded.
The water moccasin bites you.
* * * LOW HITPOINT WARNING * * *
You are lethally poisoned!
The water moccasin poisons you!
You barely miss the water moccasin.
The water moccasin is severely wounded.
* * * LOW HITPOINT WARNING * * *
You feel very sick. The water moccasin bites you!
You die...

.. §## §§# #
###§○ .###
##○§§###§§§.
.##.#§§§§§§§§§☼
......§.§§☼§§§§.
#S☼§§§# ..
##@§#.##$..
#○§§§§.....
#§§§§§§§..#
#§☼§§§§§###
#☼§☼§☼§§#
#§§☼§☼§§#
......§§§§○§§§#
................
............###..


You could see a water moccasin.

Vanquished Creatures
  A black bear (D:4)
  A necrophage (D:3)
  A bullfrog zombie (D:5)
  A gnoll shaman (D:4)
  3 hounds (D:4)
  An iguana (D:4)
  Natasha (D:3)
  12 gnolls
  5 adders
  An ufetubus (D:4)
  An adder skeleton (D:4)
  3 dart slugs
  5 orcs
  8 ball pythons
  10 endoplasms
  2 giant cockroaches
  4 goblins
  8 hobgoblins
  4 jackals (D:1)
  3 quokkas
  4 bats
  3 frilled lizards
  2 kobolds (D:1)
  11 rats
95 creatures vanquished.

Notes
Turn   | Place    | Note
-------+----------+-------------------------------------------
     0 | D:1      | lawman0 the Troll Cinder Acolyte began the quest for the
                  | Orb.
     0 | D:1      | Reached XP level 1. HP: 22/22 MP: 1/1
    72 | D:1      | Reached XP level 2. HP: 29/29 MP: 2/2
    75 | D:1      | Learned a level 2 spell: Scorch
    83 | D:1      | Learned a level 1 spell: Apportation
   434 | D:1      | Reached XP level 3. HP: 32/36 MP: 3/3
   530 | D:2      | Reached skill level 4 in Unarmed Combat
  1240 | D:2      | Reached XP level 4. HP: 43/44 MP: 1/4
  1390 | D:2      | Found Jowkai Fell's Assorted Antiques.
  1398 | D:2      | Bought 3 scrolls labelled FOBYTYL YSESCH for 57 gold pieces
  1955 | D:3      | Learned a level 1 spell: Summon Small Mammal
  2320 | D:3      | Noticed Natasha
  2327 | D:3      | Killed Natasha
  2328 | D:3      | Reached skill level 1 in Translocations
  2328 | D:3      | Reached XP level 5. HP: 44/50 MP: 0/5
  2659 | D:2      | Bought a scroll labelled FOBYTYL YSESCH for 19 gold pieces
  2659 | D:2      | Bought a scroll labelled EMECOY ITHROUR for 19 gold pieces
  2703 | D:4      | Noticed a black bear
  2707 | D:4      | Killed a black bear
  2766 | D:4      | Reached skill level 5 in Unarmed Combat
  2778 | D:4      | Reached XP level 6. HP: 20/59 MP: 0/7
  2869 | D:4      | Reached skill level 1 in Dodging
  3168 | D:4      | Identified the +1 chain mail of the Bespelled Grue {Will+}
  3239 | D:4      | Reached XP level 7. HP: 64/67 MP: 5/8
  3284 | D:4      | >:(
  3655 | D:4      | Found a shadowy altar of Dithmenos.
  4052 | D:2      | Bought a scroll labelled XISECI ZETOVVI for 19 gold pieces
  4052 | D:2      | Bought a scroll labelled FUAHUCWARGHI for 19 gold pieces
  4052 | D:2      | Bought a scroll labelled XISECI ZETOVVI for 19 gold pieces
  4113 | D:5      | Entered Level 5 of the Dungeon
  4218 | D:5      | HP: 3/67 [water moccasin (7)]
  4226 | D:5      | HP: 3/67 [poisoned by a water moccasin]
  4226 | D:5      | Slain by a water moccasin

Illustrated notes

## # #.. . #.# # #.# # #.# #
#.##########################
######.....................†.....
......>.........@................
######.#######.)<###############.
#.#.### #)##################
####..÷..# #........g..........
......g..# ###################.
####....g#### #. #.g......# #.
#.....##g# #g #.....##.# #.


Turn 3284 on D:4: >:(

Levels and vault maps discovered:
D:1:      matt_arrival_los_fun, layout_rooms, solitary_fountain,
          serial_park_tiny_2, hex_large
D:2:      layout_loops_corners, serial_shops, shop, nicolae_underground_beach
D:3:      layout_basic, kennysheep_cluttered_room, minivault_24, uniq_natasha
D:4:      layout_basic, nicolae_dithmenos_the_darkroom
D:5:      black_bear_nest_1, layout_cave_pools, mainiacjoe_overflow_alcove_4,
          kennysheep_little_box

Skill      XL: |  1  2  3  4  5  6  7 |
---------------+----------------------+-----
Unarmed Combat | 4 5 |  5.6
Translocations | 1 |  1.7
Fire Magic     | 3 |  3.5
Dodging        | 1 |  1.2
Fighting       | 3 |  3.0
Spellcasting   | 2 |  2.0
Stealth        | |  0.2

Action                   |  1- 3 |  4- 6 |  7- 9 || total
-------------------------+-------+-------+-------++-------
Melee: Unarmed           |   106 |    92 |    16 ||   214
       Punch             |     2 |     2 |       ||     4
 Cast: Scorch            |     6 |    32 |    19 ||    57
Invok: Sea of Fire       |       |       |     1 ||     1
  Use: Scroll            |       |       |     4 ||     4
       Potion            |       |       |     4 ||     4
Armor: Robe              |    34 |    32 |     9 ||    75
Dodge: Dodged            |    54 |    79 |    15 ||   148

Table legend: (Time is in decaauts)
 A = Elapsed time spent in this place.
 B = Non-inter-level travel time spent in this place.
 C = Inter-level travel time spent in this place.
 D = Time resting spent in this place.
 E = Time spent auto-exploring this place.
 F = Levels seen in this place.
 G = Mean time per level.
                   A        B        C        D        E       F      G
               +--------+--------+--------+--------+--------+-----+--------+
         Total |   4216 |   3883 |    333 |    181 |   3026 |   5 |  843.2 |
       Dungeon |   4216 |   3883 |    333 |    181 |   3026 |   5 |  843.2 |
               +--------+--------+--------+--------+--------+-----+--------+

Top non-repeatable levels by time:
     D:2: 1297 daAuts
     D:4: 1196 daAuts
     D:3: 1101 daAuts
     D:1: 509 daAuts
     D:5: 111 daAuts
